General information
- name: BNet
- type: Ladder 1vs1/FFA
- host: Battle.net
- saver: Kany33east
map: TirisfalGlades
- players: 2
- length: 23:18
- speed: Fast
- version: 1.23 W3XP
- replay type: Public
» download(92 KB)
Players
team 1 (winner)
As_I_Lay_Crying (
pink | 82 APM | 1920 actions | 23:18)
5 Archmage
3 Summon Water Elemental
2 Brilliance Aura
2 Mountain King
2 Storm Bolt
2 Paladin
1 Holy Light
1 Devotion Aura
» actions
| Basic commands | 111 | |
| Build / train | 134 | |
| Enter build submenu | 38 | |
| Enter hero's abilities submenu | 10 | |
| Give item / drop item | 6 | |
| Remove unit from queue | 5 | |
| Right click | 845 | |
| Select / deselect | 682 | |
| Use ability | 89 | |
1920 total
» units
| Peasant | 22 | |
| Footman | 14 | |
| Priest | 6 | |
| Mortar Team | 7 | |
| Knight | 7 | |
| Sorceress | 2 | |
| Spell Breaker | 1 | |
| Flying Machine | 3 | |
| Dragonhawk Rider | 5 | |
67 total
» upgrades
| Swords | 3 | |
| Plating | 2 | |
| Animal War Training | 1 | |
| Flak Cannons | 1 | |
7 total
» buildings
| Altar of Kings | 1 | |
| Barracks | 1 | |
| Farm | 18 | |
| Lumber Mill | 1 | |
| Town Hall | 1 | |
| Scout Tower | 6 | |
| Arcane Tower | 1 | |
| Guard Tower | 9 | |
| Arcane Vault | 1 | |
| Keep | 2 | |
| Blacksmith | 1 | |
| Castle | 3 | |
| Arcane Sanctum | 1 | |
| Workshop | 1 | |
| Gryphon Aviary | 1 | |
48 total
» build order
00:07 Altar of Kings
00:12 Barracks
00:14 Farm
00:53 Farm
01:30 Farm
03:09 Lumber Mill
03:23 Town Hall
03:28 Scout Tower
03:38 Scout Tower
04:00 Arcane Tower
04:22 Guard Tower
04:22 Guard Tower
04:34 Farm
05:11 Scout Tower
05:18 Scout Tower
05:23 Arcane Vault
05:26 Scout Tower
05:35 Scout Tower
05:40 Guard Tower
05:41 Guard Tower
05:46 Guard Tower
05:57 Guard Tower
06:23 Guard Tower
06:24 Guard Tower
07:24 Keep
07:24 Keep
07:28 Farm
08:56 Blacksmith
09:23 Farm
09:48 Castle
09:49 Castle
09:53 Arcane Sanctum
10:07 Farm
10:09 Farm
10:19 Workshop
10:36 Farm
11:21 Farm
11:24 Farm
12:08 Farm
12:48 Farm
13:24 Farm
14:18 Farm
14:59 Farm
16:13 Farm
18:49 Gryphon Aviary
21:41 Farm
» items
| Potion of Healing | 10 | |
| Scroll of Regeneration | 2 | |
| Orb of Fire | 2 | |
14 total
team 2 (loser)
Kany33east (
teal | 119 APM | 2778 actions | 23:18)
3 Death Knight
2 Death Coil
1 Unholy Aura
3 Lich
2 Frost Nova
1 Frost Armor
» actions
| Assign group hotkey | 37 | |
| Basic commands | 247 | |
| Build / train | 51 | |
| ESC pressed | 5 | |
| Enter build submenu | 26 | |
| Enter hero's abilities submenu | 7 | |
| Give item / drop item | 1 | |
| Right click | 1160 | |
| Select / deselect | 382 | |
| Select group hotkey | 748 | |
| Use ability | 114 | |
2778 total
» units
| Acolyte | 3 | |
| Ghoul | 2 | |
| Crypt Fiend | 16 | |
| Obsidian Statue | 4 | |
| Frost Wyrm | 2 | |
| Abomination | 2 | |
29 total
» upgrades
| Creature Attack | 1 | |
| Destroyer Form | 1 | |
2 total
» buildings
| Graveyard | 1 | |
| Crypt | 1 | |
| Altar of Darkness | 1 | |
| Ziggurat | 7 | |
| Tomb of Relics | 1 | |
| Halls of the Dead | 1 | |
| Nerubian Tower | 1 | |
| Sacrificial Pit | 1 | |
| Slaughterhouse | 3 | |
| Black Citadel | 2 | |
| Boneyard | 2 | |
21 total
» build order
00:14 Graveyard
00:19 Crypt
00:41 Altar of Darkness
00:57 Ziggurat
01:37 Tomb of Relics
02:02 Ziggurat
04:36 Ziggurat
04:43 Halls of the Dead
05:26 Ziggurat
06:05 Nerubian Tower
07:26 Sacrificial Pit
07:28 Slaughterhouse
08:27 Black Citadel
08:27 Black Citadel
09:37 Ziggurat
10:37 Ziggurat
11:10 Boneyard
11:12 Boneyard
11:16 Slaughterhouse
11:26 Slaughterhouse
18:32 Ziggurat
» items
| Rod of Necromancy | 2 | |
| Potion of Healing | 1 | |
| Orb of Corruption | 1 | |
| Scroll of Healing | 1 | |
5 total
Chat log
(07:50 / All) Kany33east: haha nice deny
(07:53 / All) As_I_Lay_Crying: lol
(08:02 / All) Kany33east: im serious too lol
(08:54 / All) Kany33east: wow fail
(08:59 / All) As_I_Lay_Crying: indeed
(09:10 / All) Kany33east: this game has been pretty fail for me u really should win
(09:15 / All) As_I_Lay_Crying: nah
(09:29 / All) As_I_Lay_Crying: i suck
(09:30 / All) As_I_Lay_Crying: lol
(22:53 / All) Kany33east: damnit i hate playing human on tihs map so bad
(22:59 / All) Kany33east: so damn easy to fe
(23:00 / All) As_I_Lay_Crying: im
(23:01 / All) As_I_Lay_Crying: 3-0
(23:03 / All) As_I_Lay_Crying: on it
(23:03 / All) As_I_Lay_Crying: lol
(23:11 / All) Kany33east: anyway gg
(23:14 / All) As_I_Lay_Crying: gg